 Dungeon Crawl Stone Soup version 0.23.2-33-g5129a83184 (webtiles) character file.

Game seed: 12975151322024130365

2401 MalarOregon the Reanimator (level 9, -6/80 HPs)
             Began as a Ghoul Necromancer on July 10, 2019.
             Was a Believer of Yredelemnul.
             Killed from afar by a wizard (23 damage)
             ... with a bolt of lightning
             ... on level 7 of the Dungeon on July 11, 2019.
             The game lasted 00:27:50 (9250 turns).

MalarOregon the Reanimator (Ghoul Necromancer)      Turns: 9250, Time: 00:27:51

Health: -6/80      AC:  8    Str: 12    XL:     9   Next: 46%
Magic:  1/17       EV: 12    Int: 13    God:    Yredelemnul [**....]
Gold:   213        SH:  0    Dex:  9    Spells: 12/20 levels left

rFire    . . .     SeeInvis .   (no weapon)
rCold    + . .     Gourm    .   (no shield)
rNeg     + + +     Faith    .   l - +2 animal skin
rPois    ∞         Spirit   .   k - +1 helmet
rElec    .         Reflect  .   (no cloak)
rCorr    .         Harm     .   (no gloves)
MR       .....                  n - +1 pair of boots
Stlth    +++.......             (no amulet)
HPRegen  0.00/turn              d - ring of stealth
MPRegen  0.15/turn              (no ring)

@: rotting
A: rotting body, claws 1, carnivore, cold resistance 1, negative energy
resistance 3, inhibited regeneration, torment resistance, unbreathing
a: Animate Remains, Recall Undead Slaves, Injury Mirror, Renounce Religion


You were on level 7 of the Dungeon.
You worshipped Yredelemnul.
Yredelemnul was pleased with you.
You were not hungry.

You visited 2 branches of the dungeon, and saw 8 of its levels.

You collected 355 gold pieces.
You spent 142 gold pieces at shops.

Inventory:

Missiles
 o - a throwing net (quivered) {!f}
Armour
 k - a +1 helmet (worn)
   (You took it off Robin on level 2 of the Dungeon)
 l - a +2 animal skin (worn)
   (You took it off Robin on level 2 of the Dungeon)
 n - a +1 pair of boots (worn)
   (You found it on level 3 of the Dungeon)
Jewellery
 d - a ring of stealth (left claw)
   (You took it off a crimson imp on level 6 of the Dungeon)
Wands
 c - a wand of disintegration (12)
   (You found it on level 5 of the Dungeon)
 v - a wand of clouds (3)
   (You bought it in a shop on level 5 of the Dungeon)
Scrolls
 b - a scroll of enchant weapon
 f - 2 scrolls of fog {unknown}
 i - a scroll of fear
 t - a scroll of identify {@r1}
Potions
 a - a potion of flight {unknown}
 g - a potion of ambrosia
 h - a potion of invisibility {unknown}
 j - a potion of heal wounds {unknown}
 m - a potion of might
 p - a potion of brilliance {unknown}
 r - 2 potions of curing {@q1}
 s - a potion of haste {unknown}
 u - a potion of resistance {unknown}
Comestibles
 e - 8 rations {!d}


   Skills:
 + Level 7.7 Fighting
 - Level 1.7 Dodging
 - Level 2.1 Stealth
 + Level 6.2 Spellcasting
 + Level 8.3 Necromancy


You had 12 spell levels left.
You knew the following spells:

 Your Spells              Type           Power        Failure   Level  Hunger
a - Pain                  Necr           ####         1%          1    None
q - Vampiric Draining     Necr           ####......   1%          3    ###....
u - Animate Dead          Necr           N/A          5%          4    ####...

Your spell library contained the following spells:

 Spells                   Type           Power        Failure   Level  Hunger
 Animate Skeleton         Necr           N/A          1%          1    None
 Regeneration             Chrm/Necr      ##........   9%          3    ###....


Dungeon Overview and Level Annotations

Branches:
Dungeon (7/15)             Temple (1/1) D:4

Altars:
Ashenzari
Cheibriados
Dithmenos
Elyvilon
Fedhas
Gozag
Hepliaklqana
Kikubaaqudgha
Makhleb
Qazlal
Ru
Sif Muna
Trog
Vehumet
Wu Jian
Xom
Yredelemnul
The Shining One

Shops:
D:4 :   D:5 *

Annotations:
D:2 Terence
D:4 4 runed translucent doors, Crazy Yiuf; Lidrolic's ghost, amateur HuFi


Innate Abilities, Weirdness & Mutations

Your body is rotting away.
You thrive on raw meat.
You are immune to poison.
You have sharp fingernails.
You are carnivorous and can eat meat at any time.
Your flesh is cold resistant. (rC+)
You are immune to negative energy. (rN+++)
You do not regenerate when monsters are visible.
You are immune to unholy pain and torment.
You can survive without breathing.


Message History

a +0 dagger; a +0 robe There isn't anything to butcher here.
You start resting.
You start resting.
The wizard is too close now for your liking.
Unknown command.
Aim: a wizard, wielding a +0 dagger and wearing a +0 robe (hasn't noticed you, chance to defeat MR: 54%)
The wizard shouts!
The wizard resists with significant effort.
You hear a shout!
Aim: a wizard, wielding a +0 dagger and wearing a +0 robe (chance to defeat MR: 54%)
The wizard resists with significant effort.
Aim: a wizard, wielding a +0 dagger and wearing a +0 robe (chance to defeat MR: 54%)
The wizard resists with significant effort.
Aim: a wizard, wielding a +0 dagger and wearing a +0 robe (chance to defeat MR: 54%)
The wizard writhes in agony.
Aim: a wizard, wielding a +0 dagger and wearing a +0 robe (lightly wounded, chance to defeat MR: 54%)
The wizard writhes in agony!
The wizard closely misses you.
Aim: a wizard, wielding a +0 dagger and wearing a +0 robe (moderately wounded, chance to defeat MR: 54%)
The wizard writhes in agony.
The wizard casts a spell at you. The bolt of lightning hits you!!
Aim: a wizard, wielding a +0 dagger and wearing a +0 robe (heavily wounded, chance to defeat MR: 54%)
The wizard resists with significant effort.
The wizard gestures at you while chanting.
The stone arrow misses you.
Aim: a wizard, wielding a +0 dagger and wearing a +0 robe (heavily wounded, chance to defeat MR: 54%)
The wizard resists with significant effort.
The wizard hits you with a +0 dagger.
Aim: a wizard, wielding a +0 dagger and wearing a +0 robe (heavily wounded)
You feel life coursing into your body. The wizard hits you with a +0 dagger.
You don't have enough magic to cast that spell.
Aim: a wizard, wielding a +0 dagger and wearing a +0 robe (severely wounded, chance to defeat MR: 54%)
The wizard resists with significant effort.
The wizard hits you but does no damage.
You don't have enough magic to cast that spell.
You closely miss the wizard. The wizard hits you but does no damage.
You scratch the wizard.
The wizard points at you and mumbles some strange words.
The bolt of lightning hits you!!!
Ouch! That really hurt!
* * * LOW HITPOINT WARNING * * *
The wizard gestures wildly while chanting.
The wizard flickers and vanishes!
Deactivating autopickup; reactivate with Ctrl-A.
You hear some strange, mumbled words.
A bolt of lightning appears from out of thin air!
The bolt of lightning hits you!!
You die...
Yredelemnul claims you as an undead slave.

#. .# #
#.#############.########
.. .........
............. #. ..
.....###............
..##. #.................
... #.#.#.)...........
#.####........$........
#.<.#..#.#.............
###...@....#.........<.
#.###..####.....#....
#.. #.## ......p..#
###...# .≈≈≈.≈≈≈.. ##.#
≈≈##.##≈≈. #.. #.. ##≈.
##. #.. #≈. . .. .≈. #≈.


There were no monsters in sight!

Vanquished Creatures
  A wizard (D:7)
  Duvessa (D:4)
  A black bear (D:6)
  A centaur (D:6)
  3 ogres (D:6)
  A big kobold (D:4)
  Blork the orc (D:4)
  4 bullfrogs
  Dowan (D:4)
  A scorpion (D:4)
  3 howler monkeys
  A crimson imp (D:6)
  A centaur zombie (D:6)
  3 jellies
  An orc priest (D:3)
  2 hounds
  A centaur skeleton (D:4)
  A gnoll shaman (D:4)
  2 orc wizards
  2 iguanas
  3 worker ants
  A howler monkey zombie (D:6)
  Robin (D:2)
  4 gnolls (D:4)
  7 adders
  A shadow imp (D:5)
  An ooze (D:1)
  3 worms (D:2)
  3 dart slugs
  A leopard gecko (D:4)
  16 orcs
  19 bats
  5 giant cockroaches
  14 goblins
  7 hobgoblins
  12 jackals
  2 ball pythons
  5 frilled lizards
  A jackal zombie (D:6)
  9 kobolds
  5 rats
152 creatures vanquished.

Notes
Turn   | Place    | Note
-------+----------+-------------------------------------------
     0 | D:1      | MalarOregon the Ghoul Necromancer began the quest for the
                  | Orb.
     0 | D:1      | Reached XP level 1. HP: 14/14 MP: 2/2
   251 | D:1      | Reached XP level 2. HP: 16/22 MP: 2/4
   258 | D:1      | Reached skill level 1 in Fighting
   658 | D:1      | Reached XP level 3. HP: 19/28 MP: 0/5
  1210 | D:2      | Reached XP level 4. HP: 20/36 MP: 0/6
  1809 | D:2      | Noticed Robin
  2241 | D:2      | Noticed Terence
  2353 | D:2      | Killed Robin
  2353 | D:2      | Reached XP level 5. HP: 34/42 MP: 0/8
  2424 | D:2      | Found a sacrificial altar of Ru.
  2660 | D:2      | Reached skill level 5 in Necromancy
  2784 | D:2      | Found a basalt altar of Yredelemnul.
  2794 | D:2      | Became a worshipper of Yredelemnul the Dark
  2874 | D:3      | Learned a level 3 spell: Vampiric Draining
  2879 | D:3      | Learned a level 4 spell: Animate Dead
  2918 | D:3      | Found a white marble altar of Elyvilon.
  3175 | D:3      | Found a blossoming altar of Fedhas.
  3509 | D:3      | Reached XP level 6. HP: 24/51 MP: 0/9
  4025 | D:4      | Found Kamik's Book Shop.
  4358 | D:4      | Reached * piety under Yredelemnul
  4830 | D:4      | Reached XP level 7. HP: 59/59 MP: 6/11
  5038 | D:4      | Reached skill level 6 in Necromancy
  5148 | D:4      | Found a runed translucent gate.
  5148 | D:4      | Found a runed translucent gate.
  5148 | D:4      | Found a runed translucent gate.
  5149 | D:4      | Identified the +4 short sword of Maliafef {chaos, rElec rF-
                  | Int+4}
  5149 | D:4      | Noticed Lidrolic's ghost (amateur HuFi)
  5192 | D:4      | Noticed Blork the orc
  5206 | D:4      | Killed Blork the orc
  5298 | D:4      | Found a deep blue altar of Sif Muna.
  5327 | D:4      | Found a staircase to the Ecumenical Temple.
  5372 | Temple   | Entered the Ecumenical Temple
  5723 | D:4      | Found a runed translucent door.
  5724 | D:4      | Noticed Crazy Yiuf
  5778 | D:5      | Entered Level 5 of the Dungeon
  5785 | D:5      | Reached skill level 5 in Fighting
  5805 | D:5      | Found Oddismyo's Assorted Antiques.
  5820 | D:5      | Bought a scroll labeled TUNOOSSUPNU for 18 gold pieces
  5820 | D:5      | Bought a scroll labeled PAMADA OGOH for 18 gold pieces
  5820 | D:5      | Bought a sedimented red potion for 16 gold pieces
  5820 | D:5      | Bought a wooden wand for 72 gold pieces
  5820 | D:5      | Bought a scroll labeled FAPNOE IMUNN for 18 gold pieces
  6132 | D:5      | Noticed Dowan
  6544 | D:5      | Noticed Duvessa
  6601 | D:4      | Killed Duvessa
  6601 | D:4      | Reached XP level 8. HP: 28/69 MP: 7/13
  6616 | D:4      | Killed Dowan
  7224 | D:6      | Found a snail-covered altar of Cheibriados.
  7333 | D:6      | Reached skill level 5 in Spellcasting
  7360 | D:6      | Reached skill level 7 in Necromancy
  8319 | D:6      | Reached XP level 9. HP: 38/78 MP: 16/16
  8848 | D:7      | Noticed a wizard
  8849 | D:7      | Noticed a wizard
  8849 | D:7      | Noticed a wizard
  9166 | D:7      | Paralysed by a wizard for 4 turns
  9178 | D:7      | Killed a wizard
  9178 | D:7      | Reached ** piety under Yredelemnul
  9178 | D:7      | Reached skill level 8 in Necromancy
  9250 | D:7      | Killed from afar by a wizard

Skill      XL: |  1  2  3  4  5  6  7  8  9 |
---------------+----------------------------+-----
Spellcasting   | 2 3 4 5 6 |  6.2
Fighting       | 1 2 3 4 5 6 7 |  7.7
Necromancy     | 5 6 7 8 |  8.3
Dodging        | |  1.7
Stealth        | |  2.1

Action                   |  1- 3 |  4- 6 |  7- 9 || total
-------------------------+-------+-------+-------++-------
Melee: Unarmed           |   108 |   133 |   253 ||   494
 Cast: Pain              |    25 |   179 |   160 ||   364
       Vampiric Draining |       |     3 |    29 ||    32
       Animate Dead      |       |     1 |       ||     1
Evoke: Wand              |       |       |     2 ||     2
  Use: Scroll            |       |       |    11 ||    11
       Potion            |       |       |     1 ||     1
 Stab: Sleeping          |     1 |       |     1 ||     2
       Distracted        |       |       |     1 ||     1
  Eat: Chunk             |     4 |    17 |    12 ||    33
       Ration            |       |     1 |     2 ||     3
Armor: Robe              |    35 |    23 |       ||    58
       Animal skin       |       |    32 |   114 ||   146
Dodge: Dodged            |    96 |   156 |   210 ||   462
